AoeStats
← Sgt. Paulto

Lombardia

507168901Analyzed
2v2 RM · 15d ago on Sep 16, 2026· 44m 44s· 4 players
Game mode
Random Map
Map size
Medium (4 player)
Population
200
Speed
Normal
Resources
Standard
Victory
Conquest
Starting age
Dark Age
Ending age
Imperial Age
RankedLock teamsTeams togetherTeam positionsShared explorationLock speedFull tech treeHidden civsTurbo modeCheats
Victory
Defeat
🇺🇸 Byzantines · United States
928
+14
🇺🇸 Ethiopians · United States
888
+16
🇺🇸 Mongols · United States
922
-16
🇺🇸 Spanish · United States
854
-27
Blue_Silver
6:46 Loom
8:58 Feudal Age
10:21 Double-Bit Axe
13:01 Gold Mining
18:18 Fletching
22:42 Castle Age
23:41 Thumb Ring
23:33 Bodkin Arrow
23:36 Crossbowman
24:05 Horse Collar
27:53 Padded Archer Armor
31:22 Leather Archer Armor
35:25 Bow Saw
35:17 Heavy Plow
42:05 Imperial Age
40:13 Wheelbarrow
39:24 Town Watch
42:27 Gold Shaft Mining
41:44 Stone Mining
42:59 Stone Shaft Mining
43:13 Parthian Tactics
42:53 Bracer
43:21 Conscription
44:16 Ballistics
44:57 Chemistry
Sgt. Paulto
11:25 Feudal Age
14:30 Wheelbarrow
13:55 Double-Bit Axe
19:44 Scale Barding Armor
21:45 Castle Age
24:15 Wheelbarrow
23:28 Horse Collar
23:43 Gold Mining
25:05 Forging
28:55 Bloodlines
32:04 Hand Cart
KingNEET
2:49 Loom
4:57 Loom
10:21 Feudal Age
15:30 Castle Age
14:08 Double-Bit Axe
15:39 Horse Collar
16:45 Wheelbarrow
18:03 Heavy Plow
21:29 Padded Archer Armor
25:32 Fletching
25:21 Elite Skirmisher
28:52 Hand Cart
30:06 Scale Barding Armor
30:12 Forging
31:32 Bodkin Arrow
35:03 Imperial Age
35:15 Imperial Age
37:33 Chain Barding Armor
37:36 Bracer
40:53 Scale Mail Armor
41:03 Forging
41:00 Pikeman
44:03 Ballistics
45:05 Chemistry
Vaporizen
2:00 Loom
2:27 Loom
12:13 Feudal Age
18:12 Castle Age
16:54 Double-Bit Axe
16:53 Horse Collar
17:58 Fletching
19:22 Bow Saw
21:51 Elite Skirmisher
22:54 Bodkin Arrow
27:17 Scale Mail Armor
28:41 Padded Archer Armor
29:02 Arson
29:51 Thumb Ring
30:58 Leather Archer Armor
34:00 Chain Mail Armor
35:00 Town Watch
35:52 Wheelbarrow
40:06 Imperial Age
38:46 Forging
41:09 Iron Casting
41:38 Bracer
42:05 Ballistics
42:45 Chemistry
43:03 Heavy Plow
43:21 Hand Cart
43:07 Town Patrol
44:36 Ring Archer Armor
45:08 Blast Furnace
Connection lost

Rejoining the realm…

Still unreachable

The connection could not be restored.

Session expired

The server has moved on; the page needs a fresh start.